 Dungeon Crawl Stone Soup version 0.31.0-11-ge490571c62 (webtiles) character file.

Game seed: 16928303951792808897

222 ntrailstourney the Cudgeller (level 5, 0/34 HPs)
             Began as a Gargoyle Reaver on Jan 27, 2024.
             Killed by nerve-wracking pain
             ... invoked by Grinder
              (2 damage)
             ... while paralysed by Grinder
             ... on level 4 of the Dungeon.
             The game lasted 00:09:55 (2320 turns).

ntrailstourney the Cudgeller (Gargoyle Reaver)      Turns: 2320, Time: 00:09:56

Health: 0/34       AC:  8    Str: 18    XL:     5   Next: 99%
Magic:  8/8        EV:  2    Int: 13    God:
Gold:   208        SH:  0    Dex:  8    Spells: 7/8 levels left

rFire   + . .        a - +0 mace
rCold   + . .        (no shield)
rNeg    + . .        b - +0 leather armour
rPois   ∞            C - +0 helmet
rElec   +            v - scarf {rC+ rF+}
rCorr   .            (no gloves)
SInv    .            (no boots)
Will    .....        (no amulet)
Stlth   +            E - +5 ring of evasion
HPRegen 0.25/turn    Z - ring of wizardry
MPRegen 0.11/turn

%: wizardry (x1)
@: paralysed
A: sickness immunity, AC +4, negative energy resistance 1, electricity
resistance, torment resistance 1, petrification resistance
a: no special abilities


You were on level 4 of the Dungeon.
You visited 1 branch of the dungeon, and saw 4 of its levels.

You collected 208 gold pieces.


Innate Abilities, Weirdness & Mutations

You are immune to sickness and miasma.
Your stone body is resilient. (AC +4)
You are immune to poison.
You resist negative energy. (rN+)
You are resistant to electric shocks. (rElec)
You are resistant to unholy torment.
You are immune to petrification.


   Skills:
 + Level 4.5 Fighting
 + Level 4.9 Maces & Flails
 - Level 1.5 Dodging
 - Level 2.0 Stealth
 - Level 2.0 Spellcasting
 - Level 3.2 Conjurations


You had 7 spell levels left.
You knew the following spells:

 Your Spells              Type           Power      Damage    Failure   Level
X - Kiss of Death         Conj/Necr      20%        2d7       6%          1

Your spell library contained the following spells:

 Spells                   Type           Power      Damage    Failure   Level
 Momentum Strike          Conj/Tloc      10%        3d8       10%         2
 Hailstorm                Conj/Ice       5%         3d5       19%         3
 Tukima's Dance           Hex            1%         N/A       32%         3
 Passage of Golubria      Tloc           1%         N/A       71%         4
 Alistair's Intoxication  Alch           0%         N/A       96%         5
 Borgnjor's Vile Clutch   Necr/Erth      0%         N/A       96%         5
 Yara's Violent Unravell  Hex/Alch       0%         3d3       96%         5
 Eringya's Noxious Bog    Alch           0%         4d6       100%        6

Inventory:

Hand Weapons
 a - a +0 mace (weapon)
Missiles
 d - 27 stones (quivered)
 y - 6 poisoned darts
 G - a throwing net {=f!f}
Armour
 b - a +0 leather armour (worn)
 c - a +0 robe
   (You found it on level 1 of the Dungeon)
 g - a +0 kite shield
   (You found it on level 1 of the Dungeon)
 i - a +0 leather armour
   (You took it off an orc on level 3 of the Dungeon)
 k - a +0 plate armour
   (You found it on level 1 of the Dungeon)
 n - a +0 robe
   (You found it on level 2 of the Dungeon)
 o - a +0 leather armour
   (You found it on level 2 of the Dungeon)
 p - a +0 leather armour
   (You found it on level 2 of the Dungeon)
 r - a +0 leather armour
   (You found it on level 2 of the Dungeon)
 v - a scarf of resistance (worn)
   (You found it on level 3 of the Dungeon)
 A - a +0 robe
   (You took it off an orc wizard on level 3 of the Dungeon)
 B - a +0 scale mail
   (You took it off an orc on level 3 of the Dungeon)
 C - a +0 helmet (worn)
   (You found it on level 3 of the Dungeon)
 D - a +0 leather armour
   (You found it on level 3 of the Dungeon)
Jewellery
 E - a +5 ring of evasion (left hand)
   (You found it on level 2 of the Dungeon)
 Z - a ring of wizardry (right hand)
   (You found it on level 4 of the Dungeon)
Talismans
 e - a flux talisman
   (You found it on level 1 of the Dungeon)
Wands
 H - a wand of charming (6)
   (You found it on level 4 of the Dungeon)
Scrolls
 f - a scroll of vulnerability {unknown}
 j - 3 scrolls of torment {unknown}
 m - a scroll of revelation {unknown}
 q - a scroll of fog {unknown}
 s - 2 scrolls of teleportation {unknown}
 t - 5 scrolls of identify {unknown}
 u - 2 scrolls of blinking {unknown}
Potions
 h - a potion of degeneration {unknown}
 l - 2 potions of attraction {!q}
 w - a potion of haste {unknown}
 x - a potion of cancellation {unknown}
 z - a potion of magic {unknown}
 F - a potion of mutation {unknown}

Dungeon Overview and Level Annotations

Branches:
Dungeon (4/15) Zot: 21624
 Temple: D:4-7

Altars:
Okawaru

Annotations:
D:3 1 runed translucent door, TrebMcFLY's ghost, amateur DECj
D:4 Grinder

#.#...###..........
#.#....#....#######
#.#.........#
#.#.........#
#...........#
###.........#
#.........#
#..S......# ##
#.@5......##.###
#####.......#..##
####..#...#..
##..#...#...#
#.#...#...#..
#...#...#...#
#.#...#...#..
#...#..5#.$.#
#.#...#...#..


You could see Grinder and an adder.


Message History

Grinder gestures at you.
You barely resist. You throw a stone.
The stone hits Grinder but does no damage.
You throw a stone.
The stone hits Grinder but does no damage.
Grinder gestures at you. You resist with significant effort.
You throw a stone. The stone closely misses Grinder.
Grinder gestures at you.
You suddenly lose the ability to move!
You can move again.
You sock Grinder! Grinder barely misses you.
You hit Grinder. Grinder misses you.
Unknown command.
You completely miss Grinder. Grinder hits you but does no damage.
You closely miss Grinder. Grinder hits you. Grinder gestures at you.
You suddenly lose the ability to move!
Grinder hits you.
You writhe in agony.
Grinder blinks!
You can move again. 😕 HP[-6]
You take 6 damage, and now have 28/34 hp.
Unknown command.
Press: ? - help, v - describe, . - travel
Here: Grinder (moderately wounded)
The floor.
Unknown command.
Throw: 29 stones
Press: ? - help, Q - select action, (/) - cycle Shift-Dir - straight line, f/p - Grinder
Aim: Grinder (moderately wounded, 47% to hit)
You throw a stone.
The stone hits Grinder but does no damage. 😕 HP[+1] Throw: 28 stones
Press: ? - help, Q - select action, (/) - cycle Shift-Dir - straight line, f/p - Grinder
Aim: Grinder (moderately wounded, 47% to hit)
You throw a stone. The stone completely misses Grinder.
Grinder gestures at you.
You suddenly lose the ability to move!
Grinder gestures at you. Pain shoots through your body!
You can move again. 😕 HP[-1]
You take 1 damage, and now have 28/34 hp.
You hit Grinder. Grinder closely misses you.
Unknown command.
You hit Grinder.
Grinder completely misses you. 😕 HP[+1] Unknown command.
You hit Grinder. Grinder hits you. 😮 HP[-4]
You take 4 damage, and now have 25/34 hp.
Unknown command.
You barely miss Grinder.
Grinder says, "Wait up."
Grinder closely misses you.
Unknown command.
You hit Grinder but do no damage. Grinder barely misses you.
Unknown command.
You hit Grinder but do no damage. Grinder completely misses you.
Grinder says, "There's only one good use for a tongue: cutting it out."
Grinder gestures at you.
You suddenly lose the ability to move!
The adder barely misses you. Grinder hits you!
The adder bites you but does no damage. Grinder hits you.
* * * LOW HITPOINT WARNING * * *
You writhe in agony.
* * * LOW HITPOINT WARNING * * *
You can move again. 😨 HP[-13]
You take 13 damage, and now have 12/34 hp.
MASSIVE DAMAGE!! (PAUSE)
You sock Grinder! You punch Grinder, but do no damage.
The adder barely misses you. Grinder hits you but does no damage.
The adder bites you but does no damage. 😨 HP[+1] Unknown command.
You hit Grinder but do no damage. The adder barely misses you.
Grinder barely misses you.
Unknown command.
You hit Grinder. The adder misses you. Grinder closely misses you.
The adder misses you.
Unknown command.
You hit Grinder but do no damage. Grinder gestures at you.
You suddenly lose the ability to move!
The adder bites you but does no damage. The adder barely misses you.
Grinder gestures at you. Pain shoots through your body!
* * * LOW HITPOINT WARNING * * *
The adder bites you but does no damage. Grinder hits you!
* * * LOW HITPOINT WARNING * * *
The adder barely misses you. Grinder gestures at you.
Pain shoots through your body!
You die...
Grinder sighs, "Dead already?
I want a refund."

Skill      XL: |  1  2  3  4  5 |
---------------+----------------+-----
Stealth        | 1 2 |  2.0
Fighting       | 3 4 |  4.5
Maces & Flails | 4 |  4.9
Dodging        | |  1.5
Spellcasting   | |  2.0
Conjurations   | |  3.2

Action                     |  1- 3 |  4- 6 || total
---------------------------+-------+-------++-------
  Melee: Mace              |   174 |    88 ||   262
         Punch             |     2 |     1 ||     3
  Throw: Stone             |       |     7 ||     7
         Dart              |       |     1 ||     1
    Use: Potion            |       |     3 ||     3
   Stab: Sleeping          |     1 |       ||     1
 Armour: Leather armour    |    81 |    64 ||   145
  Dodge: Dodged            |   115 |    91 ||   206

Levels and vault maps discovered:
D:1:      kennysheep_arrival_forest, layout_rooms
D:2:      layout_basic, wad_floor_pattern_untrapped, kennysheep_generic_room_12
D:3:      layout_basic, nicolae_overflow_hidden_temple,
          ebering_ghost_inner_flame
D:4:      kennysheep_spiral_hall, layout_loops_ring, hex_medium, uniq_grinder

Notes
Turn   | Place    | Note
-------+----------+-------------------------------------------
     0 | D:1      | ntrailstourney the Gargoyle Reaver began the quest for the
                  | Orb.
     0 | D:1      | Reached XP level 1. HP: 12/12 MP: 3/3
     0 | D:1      | magus.rc [v1.11.3]
   145 | D:1      | Reached XP level 2. HP: 18/18 MP: 5/5
   342 | D:1      | You add the spells Tukima's Dance, Passage of Golubria and
                  | Yara's Violent Unravelling to your library.
   368 | D:1      | Reached skill level 1 in Stealth
   552 | D:1      | Reached XP level 3. HP: 22/22 MP: 6/6
   743 | D:2      | You add the spells Alistair's Intoxication, Borgnjor's Vile
                  | Clutch and Eringya's Noxious Bog to your library.
  1083 | D:2      | Reached skill level 3 in Fighting
  1475 | D:3      | Reached skill level 2 in Stealth
  1488 | D:3      | Reached XP level 4. HP: 28/28 MP: 7/7
  1556 | D:3      | HP: 1/28 [orc priest/+0 flail (7)]
  1562 | D:3      | Reached skill level 4 in Maces & Flails
  1564 | D:3      | Reached XP level 5. HP: 33/33 MP: 8/8
  1682 | D:3      | Found a runed translucent door.
  1683 | D:3      | Noticed an ice beast
  1770 | D:3      | Found an iron altar of Okawaru.
  2042 | D:3      | Noticed TrebMcFLY's ghost (amateur DECj)
  2186 | D:4      | Noticed a black bear
  2208 | D:4      | Killed a black bear
  2209 | D:4      | Reached skill level 4 in Fighting
  2271 | D:4      | Noticed Grinder
  2291 | D:4      | Paralysed by Grinder for 3 turns
  2297 | D:4      | Paralysed by Grinder for 3 turns
  2301 | D:4      | Paralysed by Grinder for 5 turns
  2311 | D:4      | Paralysed by Grinder for 3 turns
  2317 | D:4      | Paralysed by Grinder for 5 turns
  2319 | D:4      | HP: 2/34 [Grinder (8)]
  2320 | D:4      | Killed from afar by Grinder

Vanquished Creatures
  A black bear (D:4)
  An orc priest (D:3)
  An orc wizard (D:3)
  An adder (D:3)
  A dart slug (D:2)
  A ribbon worm (D:2)
  3 orcs (D:3)
  4 bats
  4 endoplasms
  4 giant cockroaches
  5 goblins
  5 hobgoblins
  6 jackals
  5 kobolds
  3 quokkas
  4 ball pythons
  6 frilled lizards
  9 rats
64 creatures vanquished.

Table legend:
 A = Non-vault XP
 B = Vault XP
 C = Vault XP percentage of total XP
 D = Non-vault monster count
 E = Vault monster count
 F = Vault count percentage of total count
                 A         B        C        D         E       F
            +---------+---------+-------+---------+---------+-------
      Total |     316 |       2 |   0.6 |      63 |       1 |   1.6
            +---------+---------+-------+---------+---------+-------
        D:1 |      39 |       0 |   0.0 |      23 |       0 |   0.0
        D:2 |      27 |       2 |   6.9 |      15 |       1 |   6.2
        D:3 |     124 |       0 |   0.0 |      23 |       0 |   0.0
        D:4 |     126 |       0 |   0.0 |       2 |       0 |   0.0
            +---------+---------+-------+---------+---------+-------

Skill      XL: |  1  2  3  4  5 |
---------------+----------------+-----
Stealth        | 1 2 |  2.0
Fighting       | 3 4 |  4.5
Maces & Flails | 4 |  4.9
Dodging        | |  1.5
Spellcasting   | |  2.0
Conjurations   | |  3.2

Action                     |  1- 3 |  4- 6 || total
---------------------------+-------+-------++-------
  Melee: Mace              |   174 |    88 ||   262
         Punch             |     2 |     1 ||     3
  Throw: Stone             |       |     7 ||     7
         Dart              |       |     1 ||     1
    Use: Potion            |       |     3 ||     3
   Stab: Sleeping          |     1 |       ||     1
 Armour: Leather armour    |    81 |    64 ||   145
  Dodge: Dodged            |   115 |    91 ||   206

Illustrated notes

Table legend:
 A = Kills in this place as a percentage of kills in the entire game.
 B = Kills by you in this place as a percentage of kills by you in the entire game.
 C = Kills by friends in this place as a percentage of kills by friends in the entire game.
 D = Other kills in this place as a percentage of other kills in the entire game.
 E = Experience gained in this place as a percentage of experience gained in the entire game.
 F = Experience gained in this place divided by the number of levels of this place that you have seen.
                   A       B       C       D       E      F
               +-------+-------+-------+-------+-------+----------------------
         Total | 100.0 | 100.0 |   N/A |   N/A | 100.0 |  79.5
       Dungeon | 100.0 | 100.0 |   N/A |   N/A | 100.0 |  79.5
               +-------+-------+-------+-------+-------+----------------------

Table legend: (Time is in decaauts)
 A = Elapsed time spent in this place.
 B = Non-inter-level travel time spent in this place.
 C = Inter-level travel time spent in this place.
 D = Time resting spent in this place.
 E = Time spent auto-exploring this place.
 F = Levels seen in this place.
 G = Mean time per level.
                   A        B        C        D        E       F      G
               +--------+--------+--------+--------+--------+-----+--------+
         Total |   2374 |   2321 |     53 |     42 |   1452 |   4 |  593.5 |
       Dungeon |   2374 |   2321 |     53 |     42 |   1452 |   4 |  593.5 |
               +--------+--------+--------+--------+--------+-----+--------+

Top non-repeatable levels by time:
     D:3: 928 daAuts
     D:1: 687 daAuts
     D:2: 604 daAuts
     D:4: 154 daAuts
